 Dungeon Crawl Stone Soup version 0.30-a0-996-ga6910c8ee8 (webtiles) character file.

Game seed: 6474406700063425692

4678 ytrimaz the Summoner (level 10, -2/69 HPs)
             Began as a Demigod Summoner on Apr 5, 2023.
             Slain by a two-headed ogre
             ... wielding a +0 giant club
              (4 damage)
             ... on level 8 of the Dungeon.
             The game lasted 00:18:05 (10502 turns).

ytrimaz the Summoner (Demigod Summoner)            Turns: 10502, Time: 00:18:06

Health: -2/69      AC:  9    Str:  9    XL:     10   Next: 1%
Magic:  15/28      EV: 11    Int: 34    God:
Gold:   454        SH:  0    Dex: 14    Spells: 21/28 levels left

rFire   + + .      SeeInvis +    B - +2 rapier (venom)
rCold   + . .      Faith    .    (no shield)
rNeg    . . .      Spirit   .    H - +2 leather armour of Masochism {rF+ rCorr Int+2}
rPois   +          Reflect  .    (no helmet)
rElec   +          Rampage  .    j - scarf {rC+ rF+}
rCorr   +                        o - +1 pair of gloves
Will    +....                    u - +1 pair of boots "Peath" {Int+3 Stlth+}
Stlth   +++                      (no amulet)
HPRegen 0.31/turn                z - ring "Bequnit" {rElec rPois Slay+6}
MPRegen 0.21/turn                J - ring of see invisible

@: no status effects
A: high MP 1, forlorn, divine attributes
a: no special abilities


You were on level 8 of the Dungeon.
You visited 1 branch of the dungeon, and saw 8 of its levels.
You also visited: Sewer and Ossuary.

You collected 454 gold pieces.


Innate Abilities, Weirdness & Mutations

You have an increased reservoir of magic. (+10% MP)
You shall have no god before yourself.
Your divine heritage dramatically boosts your attributes as you level up.


   Skills:
 - Level 1.7 Dodging
 - Level 1.7 Stealth
 + Level 9.6 Spellcasting
 - Level 10.0 Summonings


You had 21 spell levels left.
You knew the following spells:

 Your Spells              Type           Power      Damage    Failure   Level
a - Summon Small Mammal   Summ           100%       N/A       1%          1
b - Call Canine Familiar  Summ           71%        N/A       1%          3
c - Summon Guardian Gole  Hex/Summ       50%        N/A       1%          3

Your spell library contained the following spells:

 Spells                   Type           Power      Damage    Failure   Level
 Call Imp                 Summ           71%        N/A       1%          2
 Shock                    Conj/Air       64%        1d7       4%          1
 Slow                     Hex            64%        N/A       4%          1
 Summon Lightning Spire   Summ/Air       50%        N/A       4%          4
 Blink                    Tloc           32%        N/A       6%          2
 Cigotuvi's Dreadful Rot  Necr/Pois/Air  32%        N/A       6%          2
 Lesser Beckoning         Tloc           32%        N/A       6%          2
 Momentum Strike          Conj/Tloc      32%        3d8       6%          2
 Confusing Touch          Hex            16%        N/A       12%         3
 Dazzling Flash           Conj/Hex       32%        N/A       12%         3
 Kindle Blastsparks       Fire/Tloc/Air  32%        2d12      12%         3
 Swiftness                Air            16%        N/A       12%         3
 Tukima's Dance           Hex            16%        N/A       12%         3
 Vhi's Electric Charge    Tloc/Air       32%        N/A       12%         3
 Airstrike                Air            8%         2d(2-18)  36%         4
 Cause Fear               Hex            8%         N/A       36%         4
 Dispel Undead            Necr           16%        3d10      36%         4
 Fulminant Prism          Conj/Hex       8%         3d6       36%         4
 Iskenderun's Mystic Bla  Conj/Tloc      16%        2d5       36%         4
 Monstrous Menagerie      Summ           35%        N/A       50%         7
 Arcjolt                  Conj/Air       8%         1d18      73%         5
 Blade Hands              Tmut           8%         N/A       73%         5
 Irradiate                Conj/Tmut      8%         3d14      73%         5
 Lee's Rapid Deconstruct  Erth           8%         3d7*      73%         5
 Death Channel            Necr           8%         N/A       99%         6
 Plasma Beam              Fire/Air       8%         2x1d20    99%         6
 Starburst                Conj/Fire      8%         6d4       99%         6
 Haunt                    Necr/Summ      25%        N/A       99%         7
 Dragon Form              Tmut           8%         N/A       100%        7

Inventory:

Hand Weapons
 B - a +2 rapier of venom (weapon)
   (You took it off Eustachio on level 5 of the Dungeon)
Missiles
 g - 3 throwing nets
Armour
 a - a +0 robe
 h - a +1 ring mail of poison resistance
   (You found it on level 1 of the Dungeon)
 j - a scarf of resistance (worn)
   (You found it on level 1 of the Dungeon)
 o - a +1 pair of gloves (worn)
   (You found it on level 2 of the Dungeon)
 u - the +1 pair of boots "Peath" (worn) {Int+3 Stlth+}
   (You found it on level 5 of the Dungeon)

   Int:       It affects your intelligence (+3).
   Stlth:     It makes you more stealthy.
 H - the +2 leather armour of Masochism (worn) {rF+ rCorr Int+2}
   (You found it on level 7 of the Dungeon)

   Int:       It affects your intelligence (+2).
   rF:        It protects you from fire.
   rCorr:     It protects you from acid and corrosion.
 I - +0 steam dragon scales
   (You found it on level 7 of the Dungeon)
Magical Staves
 k - a staff of air
   (You found it on level 1 of the Dungeon)
Jewellery
 d - a ring of ice
   (You found it on level 4 of the Dungeon)
 z - the ring "Bequnit" (left hand) {rElec rPois Slay+6}
   (You acquired it on level 5 of the Dungeon)

   [ring of poison resistance]

   Slay:      It affects your accuracy & damage with ranged weapons and melee
   (+6).
   rElec:     It insulates you from electricity.
   rPois:     It protects you from poison.
 J - a ring of see invisible (right hand)
   (You found it on level 8 of the Dungeon)
Wands
 l - a wand of acid (3)
   (You found it on level 5 of the Dungeon)
 w - a wand of polymorph (7)
   (You found it on level 5 of the Dungeon)
Scrolls
 e - 5 scrolls of teleportation
 i - a scroll of blinking
 m - 3 scrolls of identify
 n - 3 scrolls of silence
 t - 3 scrolls of enchant armour
 v - a scroll of torment
 x - 2 scrolls of magic mapping
 y - a scroll of fog
 C - a scroll of summoning
 D - a scroll of brand weapon
 G - a scroll of vulnerability
Potions
 b - a potion of magic
 c - 2 potions of brilliance
 f - 6 potions of flight
 p - 8 potions of curing
 q - 2 potions of berserk rage
 r - 5 potions of degeneration
 s - 3 potions of heal wounds
 A - a potion of mutation
 E - a potion of might
 F - a potion of haste

Dungeon Overview and Level Annotations

Branches:
Dungeon (8/15) Zot: 26559  Temple (0/1) D:6           Sewer (visited)
Ossuary (visited)
   Lair: D:8-11

..........####..............#
##.........##........#.....###
#...........#......####......##
.............(.....###...#....##
...........#.#..........##...†.##
...........#.?.###.###..#.†.....#
...........#..##.#)#.##.........#
.#...........##.#O#.#.##.........
#####.########.#@#.#.#.########..
.# #..# #..##.#.#.#.#†# .. .#
#..###.#.##.#†#.#.#.# .# ...
.#hJ9..○.#.#.#.#.#.. .. .#.
#§#.####(#.#.#.#.##.# # ##..#
#.#.#.#.#.#.# .. ##l#
##.#.#.#.#.## .# . ....
##.#.#.#.## . ... ..... ## #.#.##


You could see a two-headed ogre.


Message History

The cyclops throws a large rock.
The large rock hits your warg. 😎 MP[-3]
You lost 3 mp, and now have 20/26 mp.
Unknown command.
Your warg bites the cyclops! 😎 MP[+1]
The cyclops hits your warg.
Your warg barely misses the cyclops.
A slime creature comes into view.
Your warg bites the cyclops!
The cyclops hits your warg!!
Your warg dies!
Your warg's corpse disappears in a puff of smoke!
Two slime creatures merge to form a large slime creature.
A two-headed ogre comes into view. It is wielding two +0 giant clubs.
Unknown command.
The two-headed ogre shouts in stereo! 😎 MP[+1]
Casting: Summon Guardian Golem (safe; 1% risk of failure)
Confirm with . or Enter, or press ? or * to list all spells.
😎 MP[-3]
You lost 3 mp, and now have 19/26 mp.
Unknown command.
You swap places.
The cyclops hits your guardian golem!
Casting: Call Canine Familiar (safe; 1% risk of failure)
Confirm with . or Enter, or press ? or * to list all spells.
Unknown command. 😎 MP[-2]
You lost 2 mp, and now have 17/26 mp.
The cyclops hits your guardian golem! The cyclops hits your guardian golem!
Your guardian golem overheats!
The cyclops throws a large rock.
The large rock hits your guardian golem!
Flame seeps out of your guardian golem.
Your guardian golem is engulfed in blazing flames.
Your guardian golem disappears in a puff of smoke!
The fiery explosion engulfs your warg!!
The fiery explosion engulfs the cyclops!
You hear an angry hiss.
You hear an angry buzzing noise.
You hear a shout!
Your warg is engulfed in blazing flames. x2
Your warg bites the cyclops!
The cyclops dies!
Unknown command.
Your warg is engulfed in blazing flames.
Your warg dies!
Your warg's corpse disappears in a puff of smoke!
The slime creature is engulfed in blazing flames. 😎 MP[+1]
The slime creature is engulfed in blazing flames.
The slime creature is engulfed in blazing flames.
The slime creature jiggles.
Unknown command.
Casting: Call Canine Familiar (safe; 1% risk of failure)
Confirm with . or Enter, or press ? or * to list all spells.
The slime creature is engulfed in blazing flames. 😎 MP[-3]
You lost 3 mp, and now have 15/26 mp.
Unknown command.
Casting: Call Canine Familiar (safe; 1% risk of failure)
Confirm with . or Enter, or press ? or * to list all spells.
A guardian golem appears, shielding your allies.
The slime creature hits you but does no damage. 😎 MP[-2]
You lost 2 mp, and now have 13/26 mp.
Unknown command.
You puncture the slime creature! The slime creature hits you!
The slime creature misses you. 😕 HP[-12]
You take 12 damage, and now have 50/62 hp.
You puncture the slime creature! The slime creature hits you! x2
* * * LOW HITPOINT WARNING * * *
😨 HP[-28]
You take 28 damage, and now have 22/62 hp.
MASSIVE DAMAGE!! (PAUSE)
You puncture the slime creature! The slime creature hits you!
* * * LOW HITPOINT WARNING * * *
The slime creature hits you but does no damage.
You hear an angry hiss. 😱 HP[-17]
You take 17 damage, and now have 5/62 hp.
MASSIVE DAMAGE!! (PAUSE)
Your warg bites the slime creature.
A wyvern comes into view. 😱 MP[+1] Unknown command.
Blink to where?
Press: ? - help, Dir - move target
As you read the scroll of blinking, it crumbles to dust.
Your warg bites the slime creature!
The slime creature dies!
Your warg bites the slime creature!
You have reached level 10! 😱 HP[+1] MP[+1]
You now have 69 max hp (+7).
Your warg bites the slime creature! 😱 HP[+1]
The two-headed ogre hits you with a +0 giant club.
* * * LOW HITPOINT WARNING * * *
The two-headed ogre hits you with a +0 giant club.
You die...

Skill      XL: |  1  2  3  4  5  6  7  8  9 |
---------------+----------------------------+-----
Spellcasting   | 2 3 4 5 6 7 9 |  9.6
Summonings     | 4 5 6 7 8 10 | 10.0
Dodging        | |  1.7
Stealth        | |  1.7

Action                     |  1- 3 |  4- 6 |  7- 9 | 10-12 || total
---------------------------+-------+-------+-------+-------++-------
  Melee: Unarmed           |    43 |       |     2 |       ||    45
         Staff             |    79 |    31 |    83 |       ||   193
         Punch             |     1 |       |     4 |       ||     5
         Rapier            |       |       |   121 |       ||   121
   Cast: Summon Small Mamm |    70 |    25 |    38 |       ||   133
         Call Canine Famil |     2 |    26 |    57 |       ||    85
         Summon Guardian G |       |    12 |    14 |       ||    26
    Use: Potion            |     5 |       |     3 |       ||     8
         Scroll            |     1 |    13 |    11 |       ||    25
   Stab: Distracted        |     2 |     2 |     3 |       ||     7
         Sleeping          |       |       |     9 |       ||     9
 Armour: Ring mail         |    72 |       |    35 |       ||   107
         Robe              |     5 |     6 |    46 |       ||    57
         Leather armour    |       |       |    18 |       ||    18
  Dodge: Dodged            |   100 |    46 |   172 |       ||   318

Levels and vault maps discovered:
D:1:      lemuel_arrival_behind_the_door_small, layout_loops_ring
D:2:      layout_loops_ring, basic_altar, minmay_misc_feat_cross,
          kennysheep_path_1, amcnicky_mini_pool_small
D:3:      layout_loops_cross, serial_co_window_serial, co_window_paths_a,
          co_window_corner_a, co_window_of_opportunity_a, co_window_paths_a,
          co_window_paths_b, co_window_corner_b, co_window_broadway_c,
          co_window_corner_cb, co_window_4corner_b, glass_columns_b, uniq_robin
D:4:      layout_rooms, uniq_pikel, uniq_edmund
D:5:      layout_basic, gup_sewer_entry_bubbles, uniq_eustachio
D:6:      layout_basic, grunt_temple_overflow_open, temple_fountains
D:7:      layout_gridville, nicolae_ossuary_entry_ruins
D:8:      minmay_the_grid_octo_tiled_squarecenter
          [minmay_the_grid_octo_thin_diamonds, minmay_the_grid_octo_checkered,
          minmay_the_grid_octo_odd_swirl, minmay_the_grid_octo_concentric,
          minmay_the_grid_square_5x5_megaprize_diamond,
          minmay_the_grid_square_5x5_hourglass, minmay_the_grid_square_5x5_meh,
          minmay_the_grid_square_5x5_three_small,
          minmay_the_grid_square_5x5_minibox], layout_cave_pools,
          nicolae_wu_jian_immortal_techniques

Notes
Turn   | Place    | Note
-------+----------+-------------------------------------------
     0 | D:1      | ytrimaz the Demigod Summoner began the quest for the Orb.
     0 | D:1      | Reached XP level 1. HP: 14/14 MP: 5/5
     0 | D:1      | magus.rc [v1.9.6]
    72 | D:1      | You pick up a book of Spectacle and begin reading...
    72 | D:1      | You add the spells Dazzling Flash, Iskenderun's Mystic
                  | Blast and Starburst to your library.
   160 | D:1      | Reached skill level 2 in Spellcasting
   160 | D:1      | Reached XP level 2. HP: 10/20 MP: 1/7
   373 | D:1      | Reached skill level 4 in Summonings
   407 | D:1      | You pick up a book of Lightning and begin reading...
   407 | D:1      | You add the spells Vhi's Electric Charge, Arcjolt and
                  | Plasma Beam to your library.
  1384 | D:2      | Reached XP level 3. HP: 26/26 MP: 6/9
  1388 | D:2      | Learned a level 3 spell: Call Canine Familiar
  1392 | D:2      | Learned a level 3 spell: Summon Guardian Golem
  1465 | D:2      | You fall into a shaft and drop 1 floor!
  1880 | D:2      | Identified the +10 war axe of Tenacity {drain, MP+9}
  2243 | D:2      | Identified a scroll of acquirement
  2243 | D:2      | Acquired Riuky's Directory of Creative Beguiling
  2246 | D:2      | You add the spells Slow, Confusing Touch, Tukima's Dance,
                  | Cause Fear, Haunt and Monstrous Menagerie to your library.
  2351 | D:3      | Noticed Robin
  2369 | D:3      | HP: 5/26 [goblin/+0 dagger[Robin] (3)]
  2381 | D:3      | Killed Robin
  2382 | D:3      | Reached skill level 3 in Spellcasting
  2382 | D:3      | Reached XP level 4. HP: 31/33 MP: 5/11
  3466 | D:3      | You pick up a book of Blasting and begin reading...
  3466 | D:3      | You add the spells Kindle Blastsparks, Fulminant Prism and
                  | Lee's Rapid Deconstruction to your library.
  3724 | D:4      | Reached skill level 5 in Summonings
  3724 | D:4      | Reached XP level 5. HP: 38/38 MP: 7/13
  3783 | D:4      | You pick up a book of Spatial Translocations and begin
                  | reading...
  3783 | D:4      | You add the spells Blink, Momentum Strike and Lesser
                  | Beckoning to your library.
  4093 | D:4      | Noticed an ogre
  4115 | D:4      | Killed an ogre
  4116 | D:4      | Reached skill level 4 in Spellcasting
  4255 | D:4      | Noticed Pikel
  4285 | D:4      | HP: 8/38 [orc priest/divine providence (15)]
  4315 | D:4      | HP: 5/38 [lemure[Pikel] (7)]
  4318 | D:4      | HP: 2/38 [lemure[Pikel] (4)]
  4487 | D:4      | Noticed Edmund
  4502 | D:4      | Killed Edmund
  4503 | D:4      | Reached XP level 6. HP: 45/45 MP: 4/15
  4732 | D:4      | HP: 10/45 [lemure[Pikel] (6)]
  4931 | D:4      | Killed Pikel
  4932 | D:4      | Reached skill level 5 in Spellcasting
  4932 | D:4      | Reached skill level 6 in Summonings
  4932 | D:4      | Reached XP level 7. HP: 50/50 MP: 12/18
  5143 | D:5      | Entered Level 5 of the Dungeon
  5190 | D:5      | Reached skill level 7 in Summonings
  5328 | D:5      | Identified the +1 pair of boots "Peath" {Int+3 Stlth+}
  5433 | D:5      | Reached skill level 6 in Spellcasting
  5532 | D:5      | Reached XP level 8. HP: 55/57 MP: 15/20
  5576 | D:5      | Found a glowing drain.
  5586 | Sewer    | Entered a sewer
  6689 | D:5      | Acquired the ring "Bequnit" {rElec rPois Slay+6}
  6697 | D:5      | Noticed Eustachio
  6798 | D:5      | Killed Eustachio
  6918 | D:5      | Identified the +8 dagger "Diddakh" {antimagic, Str-5 Int+4}
  7519 | D:5      | Reached skill level 8 in Summonings
  7766 | D:6      | You pick up a book of Decay and begin reading...
  7766 | D:6      | You add the spells Cigotuvi's Dreadful Rot, Dispel Undead
                  | and Death Channel to your library.
  7907 | D:6      | Reached skill level 7 in Spellcasting
  8031 | D:6      | You pick up a book of Air and begin reading...
  8031 | D:6      | You add the spells Shock, Swiftness and Airstrike to your
                  | library.
  8102 | D:6      | Found a staircase to the Ecumenical Temple.
  8178 | D:6      | You pick up a book of Transfigurations and begin reading...
  8178 | D:6      | You add the spells Irradiate, Blade Hands and Dragon Form
                  | to your library.
  8318 | D:6      | Reached XP level 9. HP: 43/62 MP: 20/24
  8589 | D:7      | Found a sand-covered staircase.
  8640 | D:7      | Reached skill level 9 in Summonings
  8661 | Ossuary  | Entered an ossuary
  9465 | D:7      | Identified the +2 leather armour of Masochism {rF+ rCorr
                  | Int+2}
  9634 | D:7      | Reached skill level 8 in Spellcasting
 10229 | D:8      | Reached skill level 10 in Summonings
 10230 | D:8      | HP: 2/62 [culicivora (shapeshifter) (21)]
 10238 | D:8      | a culicivora changed into a yaktaur
 10238 | D:8      | Noticed a yaktaur (shapeshifter)
 10240 | D:8      | Killed a yaktaur
 10241 | D:8      | Reached skill level 9 in Spellcasting
 10467 | D:8      | Noticed a cyclops
 10478 | D:8      | Noticed a two-headed ogre
 10488 | D:8      | Killed a cyclops
 10497 | D:8      | HP: 5/62 [slime creature (17)]
 10500 | D:8      | Reached XP level 10. HP: 6/69 MP: 15/28
 10502 | D:8      | HP: 2/69 [two-headed ogre/+0 giant club (5)]
 10502 | D:8      | Slain by a two-headed ogre

Vanquished Creatures
  A water moccasin (D:8)
  2 black bears (D:6)
  5 bullfrogs
  A jelly (D:7)
  A gnoll bouda (D:6)
  11 mummies (Ossuary)
  A gnoll (D:1)
  An adder (D:2)
  An ufetubus (D:5)
  A dart slug (D:2)
  5 orcs
  4 ball pythons
  An endoplasm (Sewer)
  A giant cockroach (D:1)
  2 goblins
  3 hobgoblins
  4 bats
  3 frilled lizards
  2 gnoll skeletons (Ossuary)
  3 goblin skeletons (Ossuary)
  A kobold (D:2)
  A kobold skeleton (Ossuary)
  2 orc skeletons (Ossuary)
  3 rats
  A rat skeleton (Ossuary)
61 creatures vanquished.

Vanquished Creatures (collateral kills)
  A cyclops (D:8)
  A yaktaur (shapeshifter) (D:8)
  A slime creature (D:8)
  Eustachio (D:5)
  A steam dragon (D:7)
  An orc warrior (D:8)
  A water moccasin (D:5)
  A sky beast (D:8)
  2 ice beasts
  4 black bears
  An ogre (D:4)
  A lemure (D:4)
  A phantom (D:6)
  A kobold brigand (D:4)
  2 scorpions
  3 wights (D:6)
  2 killer bees
  A jelly (D:5)
  3 hounds
  2 orc priests
  3 iguanas
  A sleepcap (D:5)
  A mummy (Ossuary)
  Robin (D:3)
  6 gnolls
  5 adders
  8 river rats
  An ufetubus (D:6)
  2 dart slugs
  16 orcs
  7 ball pythons
  4 endoplasms
  4 giant cockroaches
  11 goblins
  6 hobgoblins
  3 jackals (D:3)
  7 quokkas
  6 bats
  3 frilled lizards
  4 kobolds
  A rat (D:1)
  10 rat skeletons (Ossuary)
141 creatures vanquished.

Vanquished Creatures (others)
  Pikel (D:4)
  Edmund (D:4)
  A black bear (D:7)
  3 lemures (D:4)
  2 killer bees (D:7)
  A gnoll (D:5)
9 creatures vanquished.

Grand Total: 211 creatures vanquished

Table legend:
 A = Non-vault XP
 B = Vault XP
 C = Vault XP percentage of total XP
 D = Non-vault monster count
 E = Vault monster count
 F = Vault count percentage of total count
                 A         B        C        D         E       F
            +---------+---------+-------+---------+---------+-------
      Total |    3715 |    2968 |  44.4 |     119 |      88 |  42.5
            +---------+---------+-------+---------+---------+-------
        D:1 |      40 |       0 |   0.0 |      15 |       0 |   0.0
        D:2 |      44 |       0 |   0.0 |      19 |       0 |   0.0
        D:3 |      60 |      38 |  38.8 |      10 |      13 |  56.5
        D:4 |     405 |     757 |  65.1 |      23 |       2 |   8.0
        D:5 |     548 |     228 |  29.4 |      12 |       6 |  33.3
        D:6 |    1103 |       0 |   0.0 |      21 |       0 |   0.0
        D:7 |     884 |       0 |   0.0 |      14 |       0 |   0.0
        D:8 |     631 |    1549 |  71.1 |       5 |       7 |  58.3
      Sewer |       0 |     161 | 100.0 |       0 |      29 | 100.0
    Ossuary |       0 |     235 | 100.0 |       0 |      31 | 100.0
            +---------+---------+-------+---------+---------+-------

Illustrated notes

Table legend:
 A = Kills in this place as a percentage of kills in the entire game.
 B = Kills by you in this place as a percentage of kills by you in the entire game.
 C = Kills by friends in this place as a percentage of kills by friends in the entire game.
 D = Other kills in this place as a percentage of other kills in the entire game.
 E = Experience gained in this place as a percentage of experience gained in the entire game.
 F = Experience gained in this place divided by the number of levels of this place that you have seen.
                   A       B       C       D       E      F
               +-------+-------+-------+-------+-------+----------------------
         Total | 100.0 | 100.0 | 100.0 | 100.0 | 100.0 | 668.3
       Dungeon |  71.0 |  57.4 |  75.7 | 100.0 |  94.1 | 785.9
         Sewer |  14.0 |   9.8 |  16.4 |   0.0 |   2.4 | 161.0
       Ossuary |  15.0 |  32.8 |   7.9 |   0.0 |   3.5 | 235.0
               +-------+-------+-------+-------+-------+----------------------

Table legend: (Time is in decaauts)
 A = Elapsed time spent in this place.
 B = Non-inter-level travel time spent in this place.
 C = Inter-level travel time spent in this place.
 D = Time resting spent in this place.
 E = Time spent auto-exploring this place.
 F = Levels seen in this place.
 G = Mean time per level.
                   A        B        C        D        E       F      G
               +--------+--------+--------+--------+--------+-----+--------+
         Total |  10794 |  10466 |    328 |    490 |   7373 |  10 | 1079.4 |
       Dungeon |   8922 |   8594 |    328 |    388 |   6226 |   8 | 1115.2 |
         Sewer |   1277 |   1277 |      0 |    102 |    783 |   1 | 1277.0 |
       Ossuary |    594 |    594 |      0 |      0 |    364 |   1 |  594.0 |
               +--------+--------+--------+--------+--------+-----+--------+

Top non-repeatable levels by time:
     D:5: 1577 daAuts
     D:4: 1542 daAuts
     D:3: 1424 daAuts
   Sewer: 1277 daAuts
     D:1: 1270 daAuts
     D:2: 933 daAuts
     D:7: 920 daAuts
     D:6: 814 daAuts
 Ossuary: 594 daAuts
     D:8: 439 daAuts
